Map: Submarine LE

Players

IIIIIIIIIIII

  • Race: Protoss Protoss
  • League: Diamond
  • Spawn Location: 11:00

FrameSticker - Winner!

  • Race: Protoss Protoss
  • League: Diamond
  • Spawn Location: 5:00

VOD

Have the link to the VOD?

Description

Time

  • Played on: Aug. 23, 2020, 7:31 a.m.
  • Length: 14:46
Show
View Real Time Build Order
Export as new Build Order

IIIIIIIIIIII Protoss 

Build Orders: Oracle Opening 

Get SALT Encoding   

  12  0:01  Probe  
  13  0:14  Probe  
  14  0:18  Pylon  
  14  0:26  Probe (Chrono Boost)  
  15  0:37  Gateway  
  15  0:38  Probe (Chrono Boost)  
  16  0:46  Probe (Chrono Boost)  
  16  0:47  Assimilator  
  17  0:52  Probe  
  17  0:56  Assimilator  
  18  1:04  Probe  
  19  1:15  Gateway  
  19  1:16  Probe  
  20  1:28  Probe  
  21  1:32  Cybernetics Core  
  21  1:41  Probe  
  21  1:43  Pylon  
  22  1:53  Probe  
  23  2:10  Stargate  
  23  2:13  Stalker x2  
  27  2:19  Pylon  
  27  2:21  Warp Gate  
  27  2:47  Nexus  
  27  2:54  Oracle (Chrono Boost)  
  30  3:17  Shield Battery  
  30  3:21  Oracle (Chrono Boost)  
  33  3:32  Probe  
  34  3:44  Probe (Chrono Boost)  
  32  3:53  Twilight Council  
  33  3:55  Forge  
  33  3:56  Probe (Chrono Boost)  
  33  4:01  Probe (Chrono Boost)  
  34  4:10  Probe  
  34  4:16  Probe  
  36  4:23  Probe (Chrono Boost)  
  37  4:28  Oracle, Probe (Chrono Boost)  
  37  4:29  Blink (Chrono Boost)  
  41  4:35  Probe (Chrono Boost)  
  41  4:38  Protoss Ground Weapons Level 1  
  43  4:39  Probe (Chrono Boost)  
  43  4:41  Probe (Chrono Boost)  
  43  4:44  Probe (Chrono Boost)  
  45  4:49  Probe  
  45  4:52  Pylon  
  46  4:54  Probe  
  47  5:01  Probe  
  47  5:04  Assimilator  
  47  5:06  Probe  
  49  5:13  Stalker x2, Probe, Shield Battery  
  54  5:19  Probe  
  55  5:25  Probe  
  56  5:31  Probe  
  57  5:37  Probe  
  57  5:38  Gateway  
  57  5:40  Gateway  
  58  5:43  Stalker, Probe  
  58  5:44  Robotics Facility  
  58  5:47  Pylon  
  61  5:51  Pylon  
  61  5:52  Pylon  
  61  6:11  Stalker x2  
  63  6:18  Nexus  
  65  6:23  Charge  
  63  7:00  Stalker, Probe  
  63  7:01  Stalker x3  
  66  7:07  Gateway  
  66  7:08  Gateway  
  65  7:09  Gateway  
  65  7:12  Gateway, Probe x2  
  67  7:19  Protoss Ground Weapons Level 2 (Chrono Boost)  
  67  7:20  Observer (Chrono Boost)  
  68  7:24  Probe x2  
  68  7:26  Pylon  
  68  7:27  Pylon  
  68  7:29  Stalker x2  
  74  7:31  Stalker  
  74  7:32  Warp Prism (Chrono Boost)  
  78  7:39  Probe x2 (Chrono Boost)  
  81  7:44  Probe (Chrono Boost)  
  81  7:48  Probe x2 (Chrono Boost)  
  84  7:52  Probe (Chrono Boost)  
  84  7:53  Probe x2 (Chrono Boost)  
  86  7:59  Assimilator  
  86  8:02  Assimilator, Shield Battery  
  86  8:03  Probe  
  85  8:18  Zealot x3  
  85  8:19  Zealot x5  
  99  8:25  Templar Archives  
  99  8:27  Shield Battery  
  99  8:30  Photon Cannon  
  99  8:32  Photon Cannon  
  99  8:39  Photon Cannon  
  99  8:51  Zealot x3  
  99  8:55  Zealot x2  
  104  8:56  Zealot x2  
  104  8:59  Zealot  
  112  9:08  Pylon  
  112  9:09  Pylon  
  112  9:10  Pylon  
  112  9:27  High Templar x6  
  124  9:35  Archon x2  
  124  9:36  Robotics Bay, Archon  
  124  9:43  Robotics Facility  
  124  9:52  Nexus  
  124  9:53  Photon Cannon  
  124  9:54  Pylon  
  124  9:55  High Templar x2, Photon Cannon x2  
  128  10:02  Archon  
  128  10:09  Probe x2  
  128  10:10  Probe  
  129  10:17  High Templar x3, Zealot  
  129  10:18  Zealot x2  
  139  10:21  Probe x2  
  139  10:23  Archon  
  141  10:28  Protoss Ground Weapons Level 3 (Chrono Boost)  
  141  10:31  Pylon  
  141  10:32  Pylon  
  141  10:42  Shield Battery  
  141  10:46  Photon Cannon  
  141  10:48  Photon Cannon  
  141  10:49  Shield Battery  
  141  10:50  Zealot x2  
  141  10:51  Pylon, Zealot x3  
  141  10:52  Pylon  
  141  10:54  High Templar  
  151  11:11  Archon  
  143  11:23  Disruptor x2  
  149  11:26  Zealot x2  
  149  11:27  Zealot x6  
  165  11:36  Probe x3  
  168  11:53  High Templar x2  
  172  11:54  High Templar x2  
  172  11:55  Zealot x4  
  172  11:57  Archon  
  178  12:03  Archon  
  178  12:04  Disruptor  
  181  12:13  Dark Shrine  
  181  12:27  Zealot x3  
  106  12:51  Zealot  
  106  12:52  Zealot x5  
  106  12:53  Zealot x2  
  89  13:01  Disruptor x2  
  93  13:14  Gateway  
  93  13:15  Gateway  
  93  13:16  Probe  
  93  13:17  Photon Cannon, Gateway, Probe x2  
  93  13:19  Gateway, Photon Cannon  
  82  13:20  Assimilator  
  82  13:24  Assimilator, Gateway  
  82  13:25  Photon Cannon  
  82  13:26  Photon Cannon  
  82  13:27  Stalker  
  82  13:28  Stalker x7  
  98  13:48  Disruptor x2  
  104  14:04  Stalker  
  104  14:05  Stalker x7  
  116  14:29  Stalker x5  
  116  14:30  Stalker x2  
Show
View Real Time Build Order
Export as new Build Order

FrameSticker Protoss - Winner!

Build Orders: 1 Gate Expand, Zealot Archon 

Get SALT Encoding   

  12  0:00  Probe  
  13  0:12  Probe  
  14  0:18  Pylon  
  14  0:24  Probe  
  15  0:36  Gateway  
  15  0:37  Probe (Chrono Boost)  
  16  0:47  Assimilator, Probe (Chrono Boost)  
  17  0:52  Probe (Chrono Boost)  
  18  1:03  Probe  
  19  1:15  Probe  
  20  1:23  Cybernetics Core  
  20  1:34  Nexus  
  20  1:39  Assimilator  
  20  1:47  Pylon  
  20  1:49  Probe  
  21  1:56  Stalker (Chrono Boost)  
  23  2:02  Warp Gate  
  23  2:05  Probe  
  24  2:17  Probe  
  25  2:27  Robotics Facility  
  25  2:29  Probe  
  26  2:36  Pylon  
  26  2:38  Stalker  
  29  2:45  Probe (Chrono Boost)  
  29  2:47  Probe (Chrono Boost)  
  30  2:51  Shield Battery  
  30  2:56  Probe (Chrono Boost)  
  30  2:57  Probe (Chrono Boost)  
  32  3:01  Probe (Chrono Boost)  
  33  3:06  Probe  
  34  3:13  Immortal (Chrono Boost), Probe (Chrono Boost)  
  40  3:24  Pylon, Probe (Chrono Boost)  
  40  3:25  Probe (Chrono Boost)  
  41  3:30  Probe (Chrono Boost)  
  41  3:31  Probe (Chrono Boost)  
  43  3:39  Probe  
  41  3:42  Probe (Chrono Boost)  
  40  3:54  Probe (Chrono Boost)  
  42  3:57  Probe (Chrono Boost)  
  42  3:58  Observer  
  42  3:59  Twilight Council  
  42  4:02  Probe (Chrono Boost)  
  44  4:04  Shield Battery  
  44  4:05  Probe (Chrono Boost)  
  43  4:24  Stalker  
  45  4:29  Probe (Chrono Boost)  
  46  4:36  Probe (Chrono Boost)  
  47  4:45  Probe x2 (Chrono Boost), Pylon  
  49  4:51  Probe  
  49  4:52  Probe, Forge  
  50  4:57  Assimilator  
  50  4:58  Assimilator  
  51  5:03  Sentry  
  51  5:04  Probe  
  54  5:07  Probe  
  54  5:11  Pylon  
  55  5:16  Probe  
  52  5:31  Probe  
  52  5:34  Protoss Ground Weapons Level 1 (Chrono Boost)  
  53  5:35  Charge  
  53  5:37  Immortal, Probe  
  58  5:43  Probe  
  58  5:47  Gateway  
  58  5:49  Gateway, Probe  
  60  5:55  Nexus  
  60  6:06  Probe  
  60  6:14  Stalker  
  62  6:20  Probe x2  
  64  6:25  Gateway  
  64  6:28  Gateway  
  64  6:29  Templar Archives  
  64  6:32  Probe  
  65  6:33  Probe  
  65  6:36  Pylon  
  65  6:37  Pylon  
  66  6:42  Stalker  
  66  6:43  Stalker  
  64  7:00  Probe x2 (Chrono Boost)  
  66  7:10  Probe (Chrono Boost)  
  66  7:12  Probe (Chrono Boost)  
  69  7:16  Probe (Chrono Boost)  
  69  7:21  Probe x2 (Chrono Boost)  
  71  7:25  High Templar x5, Probe (Chrono Boost)  
  71  7:27  Probe  
  83  7:31  Pylon  
  83  7:32  Probe  
  83  7:34  Pylon  
  83  7:35  Protoss Ground Weapons Level 2 (Chrono Boost)  
  84  7:37  Probe (Chrono Boost)  
  84  7:39  Probe (Chrono Boost)  
  84  7:40  Archon x2  
  86  7:44  Probe (Chrono Boost)  
  86  7:45  Assimilator  
  86  7:47  Assimilator  
  86  7:49  Probe (Chrono Boost)  
  87  7:52  Shield Battery  
  87  7:55  Observer, Shield Battery  
  87  7:57  Probe (Chrono Boost)  
  87  7:58  Probe x2 (Chrono Boost)  
  89  8:02  Gateway  
  89  8:04  Gateway  
  91  8:06  Probe x2  
  91  8:07  Pylon  
  93  8:19  Nexus  
  93  8:21  Warp Prism (Chrono Boost)  
  95  8:29  Stalker  
  95  8:33  Stalker  
  99  8:43  Zealot x2  
  99  8:44  Zealot  
  105  8:49  Probe x2  
  107  8:59  High Templar  
  107  9:01  Probe  
  110  9:05  Pylon  
  110  9:06  Pylon  
  110  9:08  Pylon  
  110  9:09  Observer, Pylon  
  110  9:23  Immortal  
  114  9:25  High Templar x5, Archon  
  124  9:35  Archon x2  
  124  9:37  Zealot x2  
  128  9:44  Gateway  
  128  9:45  Gateway  
  128  9:48  Gateway  
  127  9:53  Protoss Ground Weapons Level 3  
  127  10:04  Robotics Facility, Robotics Bay  
  127  10:15  Photon Cannon  
  127  10:16  Nexus  
  127  10:18  Pylon  
  127  10:36  Zealot x3  
  127  10:37  Zealot  
  127  10:39  Probe x2  
  137  10:48  Disruptor x2 (Chrono Boost)  
  137  10:50  Photon Cannon  
  137  10:52  Photon Cannon  
  137  10:54  Photon Cannon, Probe x3  
  137  10:56  Photon Cannon  
  146  11:00  Stargate  
  142  11:15  Probe x2  
  134  11:20  Disruptor (Chrono Boost)  
  134  11:21  Photon Cannon  
  134  11:23  Disruptor (Chrono Boost)  
  134  11:24  Shield Battery  
  140  11:27  High Templar  
  140  11:28  Probe x2  
  140  11:29  Probe  
  140  11:32  Probe  
  146  11:36  Photon Cannon  
  146  11:38  High Templar x3, Photon Cannon  
  152  11:41  High Templar  
  152  11:43  Zealot  
  152  11:45  Archon x3  
  156  11:47  Disruptor (Chrono Boost)  
  156  11:49  Disruptor  
  162  12:05  Zealot  
  162  12:06  Zealot x5  
  174  12:14  Robotics Facility  
  174  12:21  Assimilator, Disruptor  
  177  12:25  Assimilator, Warp Prism  
  179  12:30  Oracle  
  179  12:35  Zealot x2  
  180  12:41  Pylon  
  180  12:43  Pylon  
  170  12:46  Pylon  
  170  12:48  Pylon  
  170  12:49  Zealot x3  
  170  12:50  Zealot x5  
  152  12:54  Disruptor (Chrono Boost)  
  152  12:58  Disruptor (Chrono Boost)  
  150  13:09  Zealot x3  
  156  13:22  Warp Prism  
  156  13:26  Disruptor  
  158  13:30  High Templar x5  
  158  13:31  Zealot  
  158  13:32  Zealot x4  
  181  13:36  Oracle  
  181  13:38  Archon x2  
  177  14:03  Zealot  
  177  14:04  Zealot x8  
  177  14:05  Zealot  
  177  14:06  Nexus  
  170  14:27  High Templar  
  170  14:28  High Templar x2, Zealot x2  
  170  14:29  Zealot x5  
  182  14:36  Archon  
Tags
 
Add a new tag
Caveats
  • Supply blocks, unpowered buildings, or Contaminate may cause inaccurate times.
  • Supply counts are checked every 10 seconds.